 Dungeon Crawl Stone Soup version 0.30.1-9-gdf580d7c3d (webtiles) character file.

Game seed: 4416168407382277979

5664 Vandergrift the Protected (level 10, -14/66 HPs)
             Began as a Gargoyle Berserker on Oct 14, 2023.
             Was a Priest of Trog.
             Demolished by a death yak (16 damage)
             ... on level 10 of the Dungeon.
             The game lasted 00:37:38 (8084 turns).

Vandergrift the Protected (Gargoyle Berserker)      Turns: 8084, Time: 00:37:39

Health: -14/66     AC: 22    Str: 23    XL:     10   Next: 75%
Magic:  10/10      EV: 13    Int:  8    God:    Trog [***...]
Gold:   501        SH:  6    Dex: 23    Spells: 9/9 levels left

rFire   . . .        O - +4 morningstar
rCold   + . .        h - +0 buckler
rNeg    + . .        S - +5 ring mail {rC+}
rPois   ∞            (no helmet)
rElec   +            C - +0 cloak
rCorr   .            (no gloves)
SInv    .            v - +0 pair of boots
Will    .....        (no amulet)
Stlth   ++           T - +6 ring of dexterity
HPRegen 0.31/turn    n - +6 ring of dexterity
MPRegen 0.12/turn

%: no passive effects
@: on berserk cooldown, invisible
A: sickness immunity, AC +7, negative energy resistance 1, electricity
resistance, torment resistance 1, petrification resistance
a: Renounce Religion, Berserk, Trog's Hand


You were on level 10 of the Dungeon.
You worshipped Trog.
Trog was most pleased with you.
You visited 1 branch of the dungeon, and saw 11 of its levels.
You also visited: Ossuary.

You collected 501 gold pieces.

Inventory:

Hand Weapons
 O - a +4 morningstar (weapon)
Armour
 h - a +0 buckler (worn)
 v - a +0 pair of boots (worn)
 C - a +0 cloak (worn)
 S - a +5 ring mail of cold resistance (worn)
Jewellery
 d - a ring of flight
 g - a ring of magical power
 i - an amulet of magic regeneration
 n - a +6 ring of dexterity (right hand)
 p - a ring of magical power
 w - a +5 ring of evasion
 z - a ring of protection from fire
 D - a ring of see invisible
 F - an amulet of guardian spirit
 N - a ring of ice
 T - a +6 ring of dexterity (left hand)
Wands
 o - a wand of charming (24)
 A - a wand of polymorph (17)
 G - a wand of flame (20) (quivered)
 H - a wand of iceblast (8)
 Q - a wand of digging (5)
 V - a wand of acid (2)
Scrolls
 f - 2 scrolls of magic mapping
 j - a scroll of torment
 k - a scroll of fog
 m - 2 scrolls of butterflies
 r - 2 scrolls of immolation
 s - a scroll of noise
 x - 7 scrolls of identify
 y - 3 scrolls of teleportation
Potions
 b - 3 potions of flight
 c - 2 potions of curing
 e - 5 potions of lignification
 l - 3 potions of berserk rage
 t - a potion of cancellation
 u - 6 potions of attraction
 B - 4 potions of degeneration
 R - a potion of might
Miscellaneous
 U - a phial of floods


   Skills:
 + Level 9.3 Fighting
 * Level 9.2 Maces & Flails
 - Level 2.1 Polearms
 + Level 9.3 Armour
 + Level 4.0 Dodging
 + Level 2.3 Stealth
 - Level 2.5 Shields
 - Level 1.3 Evocations


You had 9 spell levels left.
You didn't know any spells.
Your spell library was empty.

Dungeon Overview and Level Annotations

Branches:
Dungeon (11/15)            Temple (0/1) D:4            Lair (0/5) D:10
    Orc (0/2) D:9         Ossuary (visited)

Altars:
Cheibriados
Elyvilon
Fedhas
Makhleb
Nemelex Xobeh
Okawaru
Ru
Xom
Yredelemnul

Shops:
D:8 :


Innate Abilities, Weirdness & Mutations

You are immune to sickness and miasma.
Your stone body is resilient. (AC +7)
You are immune to poison.
You resist negative energy. (rN+)
You are resistant to electric shocks. (rElec)
You are resistant to unholy torment.
You are immune to petrification.


Message History

The yak attacks as you move away! The yak barely misses you.
The death yak attacks as you move away! The death yak gores you!
* * * LOW HITPOINT WARNING * * *
The death yak gores you but does no damage.
You block the death yak's attack. The death yak attacks as you move away!
The death yak gores you but does no damage. x2
The death yak barely misses you. The death yak gores you!
* * * LOW HITPOINT WARNING * * *
The death yak gores you but does no damage.
The death yak gores you but does no damage.
The death yak gores you but does no damage.
There is an open door here.
There is a stone staircase leading down here.
The death yak barely misses you. The death yak closely misses you.
You climb downwards.
Found 2 potions of flight.
Found a stone staircase leading up.
There is a stone staircase leading up here.
You feel much better. The death yak gores you! x2
* * * LOW HITPOINT WARNING * * *
The death yak gores you!
* * * LOW HITPOINT WARNING * * *
The death yak gores you but does no damage.
You fade into invisibility!
The death yak barely misses you. The death yak completely misses you.
The death yak gores you but does no damage.
The death yak barely misses you.
The death yak gores you but does no damage.
The death yak barely misses you.
You climb upwards.
There is a stone staircase leading down here.
The yak bellows!
There is an open door here.
The death yak barely misses you. The death yak gores you!
* * * LOW HITPOINT WARNING * * *
You feel yourself speed up. The death yak gores you!
You die...

....#############
................##. ####
.......[YY.Y....†..
.......########...#####....
#.......#.....>#...# #....
#.......#.....YYY..# #....
#.......#....Y.#Y..# #....
#.......#####Y##...## #....
#.........@Y........ .....
#........#######.....[.....
#>.......# #######
#.....[<.# #........#
###......# #####..# ####


You could see 3 death yaks and 2 yaks.

Vanquished Creatures
  Harold (D:9)
  A two-headed ogre (D:8)
  A death yak (D:10)
  Joseph (D:8)
  A wraith (Ossuary)
  2 steam dragons
  5 yaks
  2 water moccasins
  An ice beast (D:5)
  A sky beast (D:8)
  An orc warrior (D:9)
  3 centaurs
  2 kobold brigands
  2 bullfrogs
  A gnoll sergeant (D:6)
  A scorpion (D:5)
  11 wights
  A howler monkey (D:9)
  5 hounds
  2 orc priests
  A jelly (D:8)
  A gnoll bouda (D:6)
  A human zombie (Ossuary)
  A sleepcap (D:5)
  3 iguanas
  3 orc wizards
  3 mummies (Ossuary)
  5 gnolls (D:6)
  6 adders
  2 ufetubi
  2 worms (D:3)
  2 dart slugs (D:2)
  26 orcs
  8 ball pythons
  6 endoplasms
  4 giant cockroaches
  A gnoll zombie (Ossuary)
  9 goblins
  8 hobgoblins
  6 quokkas
  9 bats
  3 frilled lizards
  2 goblin zombies (Ossuary)
  2 hobgoblin zombies (Ossuary)
  15 kobolds
  4 kobold zombies (Ossuary)
  4 rats
182 creatures vanquished.

Vanquished Creatures (others)
  A gnoll sergeant (D:8)
1 creature vanquished.

Grand Total: 183 creatures vanquished

Notes
Turn   | Place    | Note
-------+----------+-------------------------------------------
     0 | D:1      | Vandergrift the Gargoyle Berserker began the quest for the
                  | Orb.
     0 | D:1      | Reached XP level 1. HP: 14/14 MP: 1/1
    86 | D:1      | Reached XP level 2. HP: 18/20 MP: 2/2
   482 | D:1      | Reached XP level 3. HP: 24/24 MP: 3/3
   810 | D:2      | You are sucked into a shaft and drop 1 floor!
   951 | D:3      | Reached ** piety under Trog
  1437 | D:2      | Reached XP level 4. HP: 30/30 MP: 4/4
  2186 | D:4      | Reached XP level 5. HP: 19/34 MP: 5/5
  2268 | D:4      | Found a staircase to the Ecumenical Temple.
  2440 | D:4      | Noticed a kobold brigand
  2463 | D:4      | Killed a kobold brigand
  2464 | D:4      | Reached skill level 5 in Fighting
  2464 | D:4      | Reached skill level 1 in Stealth
  2476 | D:4      | Reached XP level 6. HP: 23/40 MP: 6/6
  2708 | D:4      | Identified the +0 robe "Jubuo" {Str-4 Dex+5}
  3255 | D:5      | Entered Level 5 of the Dungeon
  3309 | D:5      | Found a sand-covered staircase.
  3314 | Ossuary  | Entered an ossuary
  3314 | Ossuary  | Noticed a wraith
  3314 | Ossuary  | Noticed a wraith
  3314 | Ossuary  | Noticed a wraith
  3371 | Ossuary  | Reached *** piety under Trog
  3837 | Ossuary  | Noticed a wraith
  3852 | Ossuary  | Killed a wraith
  3853 | Ossuary  | Reached skill level 5 in Armour
  3853 | Ossuary  | Reached skill level 1 in Shields
  3853 | Ossuary  | Reached XP level 7. HP: 39/45 MP: 7/7
  4977 | D:6      | Noticed a steam dragon
  4979 | D:6      | Gained mutation: Your magical capacity is low. (-10% MP)
                  | [potion of mutation]
  4979 | D:6      | Gained mutation: You have a pair of small horns on your
                  | head. [potion of mutation]
  4984 | D:6      | Killed a steam dragon
  4985 | D:6      | Reached XP level 8. HP: 52/52 MP: 7/7
  5095 | D:6      | Found a burning altar of Makhleb.
  5097 | D:6      | Noticed a green death
  5101 | D:6      | Noticed a hellwing
  5101 | D:6      | Noticed a smoke demon
  5244 | D:6      | Reached skill level 1 in Evocations
  5516 | D:6      | Reached XP level 9. HP: 59/59 MP: 8/8
  5609 | D:6      | Found a sacrificial altar of Ru.
  5678 | D:7      | Found a blossoming altar of Fedhas.
  5727 | D:7      | Found a white marble altar of Elyvilon.
  5816 | D:7      | Lost mutation: Your magical capacity is low. (-10% MP)
                  | [potion of mutation]
  5816 | D:7      | Lost mutation: You have a pair of small horns on your head.
                  | [potion of mutation]
  5816 | D:7      | Gained mutation: You are strong-willed. (Will+) [potion of
                  | mutation]
  5816 | D:7      | Lost mutation: You are strong-willed. (Will+) [potion of
                  | mutation]
  5862 | D:7      | Found a snail-covered altar of Cheibriados.
  5871 | D:7      | Reached skill level 1 in Polearms
  6309 | D:7      | Found a basalt altar of Yredelemnul.
  6540 | D:8      | Found a shimmering altar of Xom.
  6540 | D:8      | Noticed a two-headed ogre
  6560 | D:8      | Killed a two-headed ogre
  6772 | D:8      | Found a sparkling altar of Nemelex Xobeh.
  6802 | D:8      | Reached skill level 5 in Maces & Flails
  7082 | D:8      | Noticed Joseph
  7100 | D:8      | Killed Joseph
  7101 | D:8      | Reached XP level 10. HP: 41/65 MP: 10/10
  7157 | D:8      | Found Bekan's Book Shoppe.
  7466 | D:9      | Found a staircase to the Orcish Mines.
  7924 | D:9      | Found an iron altar of Okawaru.
  7932 | D:9      | Noticed Harold
  7966 | D:9      | Killed Harold
  8005 | D:10     | Entered Level 10 of the Dungeon
  8037 | D:10     | Noticed a death yak
  8042 | D:10     | Noticed a death yak
  8052 | D:10     | Killed a death yak
  8053 | D:10     | Noticed a death yak
  8056 | D:10     | Found a staircase to the Lair.
  8056 | D:10     | Noticed a death yak
  8056 | D:10     | Noticed a death yak
  8083 | D:10     | HP: 1/66 [death yak (9)]
  8084 | D:10     | Demolished by a death yak

Illustrated notes

Levels and vault maps discovered:
D:1:      dpeg_arrival_tiny_a, layout_basic, minmay_domino_4
D:2:      minmay_diamond_boxcup, layout_basic
D:3:      layout_loops_ring, kennysheep_another_room, minmay_misc_feat_pillars
D:4:      layout_basic, minmay_temple_entry_gardened_gates,
          chequers_serial_rivers_large_a
D:5:      layout_basic, nicolae_ossuary_entry_false_entrances
D:6:      layout_rooms, nicolae_ru_path_of_blood, makhleb_altar_promises_db,
          nicolae_grassy_gnolls
D:7:      layout_loops_ring, kennysheep_ying_yang,
          mainiacjoe_overflow_six_doors_small, cheibriados_altar_1
D:8:      layout_loops_ring, lemuel_round_altar, xom_confusion_cloud,
          serial_shops, nicolae_book_shop_shelving, minmay_statues_item,
          uniq_joseph
D:9:      layout_basic, mainiacjoe_overflow_concentric_impassable, uniq_harold
D:10:     layout_irregular_city, dpeg_lair_monsters, small_chamber_with_monster,
          minmay_diced_spiral
D:11:     erik_rubicon_b, layout_basic, serial_shops, shop,
          dreamdust_mushroom_princess

Skill      XL: |  1  2  3  4  5  6  7  8  9 10 |
---------------+-------------------------------+-----
Fighting       | 4 5 6 8 9 |  9.3
Armour         | 3 4 5 6 8 9 |  9.3
Dodging        | 2 3 4 |  4.0
Stealth        | 1 2 |  2.3
Shields        | 1 2 |  2.5
Evocations     | 1 |  1.3
Polearms       | 2 |  2.1
Maces & Flails | 6 9 |  9.2

Action                     |  1- 3 |  4- 6 |  7- 9 | 10-12 || total
---------------------------+-------+-------+-------+-------++-------
  Melee: Mace              |   143 |   221 |   152 |       ||   516
         Headbutt          |       |       |    21 |       ||    21
         Dire flail        |       |       |    18 |       ||    18
         Halberd           |       |       |    36 |       ||    36
         Morningstar       |       |       |    56 |   105 ||   161
 Invoke: Berserk           |     1 |     2 |     5 |     3 ||    11
         Trog's Hand       |       |       |     6 |     3 ||     9
  Evoke: Wand              |       |       |     4 |       ||     4
    Use: Scroll            |     7 |     3 |     4 |     3 ||    17
         Potion            |     5 |     4 |     6 |     2 ||    17
   Stab: Sleeping          |       |     1 |       |     1 ||     2
         Invisible         |       |       |     1 |       ||     1
 Armour: Animal skin       |    72 |       |       |       ||    72
         Ring mail         |     4 |   101 |       |    49 ||   154
         Chain mail        |       |    42 |   144 |       ||   186
  Dodge: Dodged            |   138 |   140 |   274 |    81 ||   633
  Block: Buckler           |     7 |    44 |    57 |    27 ||   135
